Cogmind - Beta 13 @@@ ROGUE MODE // 2024.03.02 @ 17:52:08 Player: Kaz Result: Destroyed by G-34 Mercenary with Small Laser Performance ------------- Evolutions (0) 0 Regions Visited (1) 200 Robots Destroyed (13) 65 Value Destroyed (303) 303 Prototype IDs (0) 0 Alien Tech Used (0) 0 Bonus (0) 0 TOTAL SCORE: 568 Bonus ------- None Cogmind --------- Core Integrity 0/250 Matter 300/300 Energy 250/250 System Corruption 0% Temperature Cool (6) Movement Rolling (90) Location -10/Materials Parts ------- > --- POWER (1) -------- Ion Engine > --- PROPULSION (2) --- Wheel Compact Wheel > --- UTILITY (2) ------ Small Storage Unit > --- WEAPON (2) ------- Small Laser Hammer > --- INVENTORY (8) ---- Ion Engine Light Treads Light Treads Small Laser Particle Gun Light Assault Rifle Peak State ------------ > --- POWER ------------ Ion Engine > --- PROPULSION ------- Wheel Compact Wheel > --- UTILITY ---------- Small Storage Unit > --- WEAPON ----------- Assault Rifle Light Assault Rifle > --- INVENTORY -------- Light Assault Rifle [Rating: 6] Favorites ----------- Power Ion Engine Engine Ion Engine Propulsion Wheel Leg Aluminum Leg Wheel Wheel Utility Small Storage Unit Storage Small Storage Unit Weapon Small Laser Energy Gun Small Laser Ballistic Gun Light Assault Rifle Impact Weapon Hammer Build | -11 -10 ------- Run | Yrd Mat Slots Evolved . | . . Power . | . . Propulsion . | . . Utility . | . . Weapon . | . . Parts Attached 19 | 7 12 Power 2 | 1 1 Engine 2 | 1 1 Core . | . . Reactor . | . . Propulsion 9 | 2 7 Treads . | . . Leg 2 | . 2 Wheel 7 | 2 5 Hover . | . . Flight . | . . Utility 1 | 1 . Device . | . . Storage 1 | 1 . Processor . | . . Hackware . | . . Protection . | . . Artifact . | . . Weapon 7 | 3 4 Energy Gun 2 | . 2 Energy Cannon . | . . Ballistic Gun 4 | 3 1 Ballistic Cannon . | . . Launcher . | . . Special Weapon . | . . Impact Weapon 1 | . 1 Slashing Weapon . | . . Piercing Weapon . | . . Special Melee Weapon . | . . Unidentified Prototypes . | . . Parts Lost 8 | . 8 Power 1 | . 1 Propulsion 4 | . 4 Utility . | . . Weapon 3 | . 3 Highest Loss Streak 8 | . 8 To Critical Strikes . | . . Average Slot Usage (%) 73 | . 73 Engine 12 | . 12 Leg 1 | . 1 Wheel 17 | . 17 Storage 14 | . 14 Energy Gun 12 | . 12 Ballistic Gun 11 | . 11 Impact Weapon 2 | . 2 Naked Turns . | . . Heaviest Build 13 | 13 13 Greatest Support 26 | 26 26 Greatest Overweight (x) 4 | . 4 Average Overweight (x) . | . . Largest Inventory Capacity 8 | 8 8 Average Capacity 7 | 6 8 Most Carried 6 | 3 6 Average Carried 2 | 1 2 Final Capacity 8 | 8 8 Final Carried 6 | 3 6 Class Distribution -------------------- 71% | Mutant 28% | Scavenger-Mutant Dominant Class ---------------- Mutant | -10/Materials Resources | -11 -10 ----------- Run | Yrd Mat Matter Collected 488 | 129 359 Remotely . | . . Salvage Created 419 | . 419 Parts 31 | . 31 Haulers Intercepted . | . . Recyclers Shooed 1 | . 1 Parts Field Recycled . | . . Retrieved Matter . | . . Parts Self-Destructed . | . . Prevented . | . . Kills | -11 -10 ------- Run | Yrd Mat Combat Hostiles Destroyed 9 | . 9 Guns 9 | . 9 Classes Destroyed 5 | . 5 Builder 1 | . 1 Recycler 1 | . 1 Watcher 2 | . 2 Swarmer 3 | . 3 Grunt 6 | . 6 Best Kill Streak 3 | . 3 Combat Bots Only 3 | . 3 Max Kills in Single Turn 1 | . 1 Gunslinging . | . . Exploded . | . . Melee . | . . Uniques/NPCs Destroyed . | . . Combat | -11 -10 -------- Run | Yrd Mat Hostile Shots Fired 109 | . 109 Missed 25 | . 25 Damage Taken 983 | . 983 Core 252 | . 252 Absorbed by Shields . | . . Core Remaining (%) 100 | 100 . Volleys Fired 74 | . 74 Largest 2 | . 2 Hottest 80 | . 80 Shots Fired 129 | . 129 Gun 129 | . 129 Cannon . | . . Launcher . | . . Special . | . . Kinetic 85 | . 85 Thermal 44 | . 44 Explosive . | . . Electromagnetic . | . . Robot Hit Streak 8 | . 8 Robot Miss Streak 6 | . 6 Penetration Max . | . . Secondary Targets 1 | . 1 Max Gunslinging Chain 1 | . 1 Shots Hit Robots 73 | . 73 Core Hits 29 | . 29 Critical Kills . | . . Critical Parts Destroyed . | . . Critical Strikes . | . . Melee Attacks . | . . Impact . | . . Slashing . | . . Piercing . | . . Sneak Attacks . | . . Combat Hostiles . | . . Follow-up Attacks . | . . Damage Inflicted 788 | . 788 Guns 782 | . 782 Cannons . | . . Explosions . | . . Melee . | . . Ramming 6 | . 6 Kinetic 496 | . 496 Thermal 286 | . 286 Explosive . | . . Electromagnetic . | . . Impact . | . . Slashing . | . . Piercing . | . . Highest Corruption . | . . Average Corruption . | . . Corruption Purged . | . . Corruption Blocked . | . . Overload Shots . | . . Overflow Damage . | . . Projectiles . | . . Explosions . | . . Melee . | . . Knockbacks 1 | . 1 Impact 1 | . 1 Kinetic . | . . Secondary . | . . Self-Inflicted Damage 3 | . 3 Shots . | . . Rammed 2 | . 2 Targets Rammed 2 | . 2 Kicked . | . . Crushed . | . . Highest Temperature 123 | . 123 Average Temperature 34 | . 34 Received Heat Transfer 489 | . 489 Siege Activations . | . . Robots Corrupted . | . . Combat Hostiles . | . . Parts Fried . | . . Impact Corruptions . | . . Robots Melted . | . . Combat Hostiles . | . . Parts Melted . | . . Heat Transferred 650 | . 650 Parts Sabotaged . | . . Parts Stolen . | . . Parts Stripped . | . . Power Chain Reactions . | . . Alert | -11 -10 ------- Run | Yrd Mat Peak Influence 127 | . 127 Initial . | . . Average 32 | . 34 Maximum Alert Level . | . . Low Security (%) 100 | 100 100 Level 1 . | . . Level 2 . | . . Level 3 . | . . Level 4 . | . . Level 5 . | . . High Security . | . . Max Security . | . . Squads Dispatched 2 | . 2 Investigation 1 | . 1 Extermination . | . . Reinforcement 1 | . 1 Assault . | . . Garrison . | . . Intercept . | . . Searches Triggered . | . . Construction Impeded . | . . Haulers Reinforced . | . . Active Scanning Responses . | . . Cargo Convoy Interrupts . | . . Stealth | -11 -10 --------- Run | Yrd Mat Distress Signals . | . . Communications Jammed . | . . Distress Signals . | . . Times Spotted 19 | . 19 Peak Tracking Total 5 | . 5 Tactical Retreats . | . . Traps | -11 -10 ------- Run | Yrd Mat Traps Triggered 2 | . 2 Indirectly . | . . Trap Hack Attempts . | . . Triggered . | . . Disarmed . | . . Reprogrammed . | . . Reused . | . . Traps Extracted . | . . Installed . | . . Triggered . | . . Machines | -11 -10 ---------- Run | Yrd Mat Machines Disabled . | . . Max in Single Turn . | . . Machines Repaired . | . . Machines Dismantled . | . . Machines Sabotaged . | . . Overloaded Fab Kills . | . . Hacking | -11 -10 --------- Run | Yrd Mat Machines Accessed 2 | . 2 Terminals 2 | . 2 Fabricators . | . . Repair Stations . | . . Recycling Units . | . . Scanalyzers . | . . Garrison Access . | . . Total Hacks 11 | . 11 Successful 4 | . 4 Failed 7 | . 7 Catastrophic 3 | . 3 Database Lockouts . | . . Manual . | . . Terminals 11 | . 11 Fabricators . | . . Repair Stations . | . . Recycling Units . | . . Scanalyzers . | . . Garrison Access . | . . Terminal Hacks 4 | . 4 Branch Access Points 1 | . 1 Unreport Threat 1 | . 1 Locate Traps 1 | . 1 Zone Layout 1 | . 1 Fabricator Hacks . | . . Repair Station Hacks . | . . Recycling Unit Hacks . | . . Scanalyzer . | . . Garrison Access Hacks . | . . Unauthorized Hacks . | . . Terminals . | . . Fabricators . | . . Repair Stations . | . . Recycling Units . | . . Scanalyzers . | . . Garrison Access . | . . Data Cores Recovered . | . . Used . | . . Hacking Detections 2 | . 2 Full Trace Events 2 | . 2 Feedback Events . | . . Feedback Blocked . | . . Robot Schematics Acquired . | . . Robots Built . | . . Authchips . | . . Time . | . . Total Robot Build Rating . | . . Part Schematics Acquired . | . . Parts Built . | . . Authchips . | . . Time . | . . Total Part Build Rating . | . . Parts Repaired . | . . Time . | . . Parts Recycled . | . . Recycled Matter . | . . Retrieved Matter . | . . Retrieved Components . | . . Parts Scanalyzed . | . . Part Schematics Acquired . | . . Parts Damaged . | . . Bothacking | -11 -10 ------------ Run | Yrd Mat Used RIF Installer . | . . Robots Hacked . | . . Non-combat . | . . Combat . | . . Robot Hacks Applied . | . . Relay Couplers Released . | . . Fabnet Peak Effective % . | . . Robots Rewired . | . . Allies Hacked . | . . Hacks Repelled . | . . Allies | -11 -10 -------- Run | Yrd Mat Total Allies . | . . Largest Group . | . . Highest-Rated Group . | . . Highest-Rated Ally . | . . Total Orders . | . . Ally Attacks . | . . Total Damage . | . . Kills . | . . Allies Corrupted . | . . Allies Melted . | . . Intel | -11 -10 ------- Run | Yrd Mat Robot Analysis Total . | . . Derelict Logs Recovered . | . . Drone Launches . | . . Drone Recoveries . | . . Exploration | -11 -10 ------------- Run | Yrd Mat Turns Passed 686 | 38 648 Spaces Moved 400 | 33 367 Core 69 | 9 60 Treads . | . . Legs 6 | . 6 Wheels 325 | 24 301 Hover . | . . Flight . | . . Fastest Speed 50 | 50 90 Average Speed 104 | 79 106 Slowest Speed 250 | 90 250 Overloaded Moves . | . . Propulsion Burnouts . | . . Robots Hopped . | . . Cave-ins Triggered . | . . Exploration Rate (%) 47 | 4 69 Regions Visited 1 Branch Regions . Pre-discovered Areas . | . . Known Exits Taken . | . . Unknown Exits Taken 1 | 1 . Scrap Searched . | . . Spaces Dug . | . . Terrain Destroyed . | . . Melee . | . . Projectile . | . . AOE . | . . Terrain Rammed . | . . Walls Destroyed . | . . Machines Disabled . | . . Actions | -11 -10 --------- Run | Yrd Mat Total 546 | 41 505 Wait 38 | . 38 Move 399 | 32 367 Hop . | . . Pick Up 14 | 2 12 Fast Attach 8 | 6 2 Attach 9 | . 9 Detach . | . . Swap 2 | 1 1 Drop . | . . Fire 74 | . 74 Melee . | . . Ram 2 | . 2 Kick . | . . Crush . | . . Escape Stasis . | . . Rewire . | . . Trap . | . . Miscellaneous . | . . Route ------- -11/Scrapyard -10/Materials (discovered 3 exits: [*Mat x2] / *Min) History --------- Turn | Location | Event 6 | -11/Scrapyard | Discovered new exit (range 15) 39 | -11/Scrapyard | Entered Materials 92 | -10/Materials | Discovered new exit (range 7) 208 | -10/Materials | Discovered new exit (range 15) 293 | -10/Materials | Core integrity fell below 50% 322 | -10/Materials | Build established: Mutant 329 | -10/Materials | Core integrity fell below 20% 388 | -10/Materials | Lost 8 parts (1p4n3w) 657 | -10/Materials | Discovered new exit (range 15) 670 | -10/Materials | Identified exit to Mines 687 | -10/Materials | Destroyed by G-34 Mercenary with Small Laser Last Messages --------------- 00568_ Massive razor-sharp blades shoot up from within the floor. 00568_ Wheel severed. 00568_ Com. Wheel severed. 00569_ Acquired Wheel. 00572_ Acquired Com. Wheel. 00576_ Triggered Blade Trap. 00576_ Massive razor-sharp blades shoot up from within the floor. 00576_ Com. Wheel severed. 00581_ Acquired Com. Wheel. 00586_ U-05 Engineer lays Concrete. 00590_ Acquired Lgt. Treads. 00645_ Acquired 40 matter. 00657_ EXIT=FOUND 00670_ Connecting with Terminal... >>Access(Branch) Found 1 branch access point: (38,37) Mines Map updated. 00670_ ALERT: Suspicious activity at Terminal M001. Dispatching Investigation squad. Map ----- +----------------------------------------------------+ | ??????????????????# ^ ## | | ?????????????????## "" | | ????????????????+ "Y | | ??????????# ??? ###### #### "" | | ??????????# "" #????# #??# [ * #? | | ??????????# #????# #??# = #? | | ??????????# """ #????#+#??###+####### #? | | ??????????# """ #????????????????#### ## | | ??????????# """ #????????????????#""" # | | ??????????# #????????????????#" # | | ########### #????????????????#"! # | | # ## #????????????????#"" > # | | # #? ?????????????????#"| # | | # ####+############+#?????#" # | | # # % #?????#""" # | | # + ##### #### ## | | # # """ #??# ## | | # # """"" ##+####### | | # # """"" # # | | # # """"" "" # # """ | | ########## """ Y" # ! # """ | | ?????????# "" # # """ | | ?????????# #!! + """ | | ?????????# #!= # | | ?????????# ###g########### # | | ?????????# #?# @""" #????# | # """ | | ?????????# #?#! "T" #????# # """ | | ?????????# #?# #????######+### """ | | ?????????# #?# #?????????# #?# """ | | ?????????# #?# #?????????# #?# | | ?????????# #?# #?????????# #?# | | ?????????# #?########????????## ### | | ?????????# #?????????????????# ## | | ?????????# < ??????############# #? | | ?????????# ??????# ^ #? | | ?????????####??????# #####+#######? | | ???????????????????# # #??? | | ???????????????????# + #??? | | ?????????????????###+######## """ """ #??? | | ?????????????????# #???# """ """ #??? | | ?????????????????# #???# """ """ #??? | | ?????????????????# #???# #??? | | ?????????????????# #???# #??? | | ?????????????????# #???# #??? | | ?????????????????# #???###########??? | | ?????????????????########????????????????? | | ?????????????????????????????????????????? | | ?????????????????????????????????????????? | | ?????????????????????????????????????????? | | | +----------------------------------------------------+ Best States ------------- Heat Dissipation 25 Energy Generation 10 Energy Capacity 250 Matter Stores 300 Matter Capacity 300 Sight Range 16 Terrain Scan Density 10 Evasion (%) 50 Item Schematics ----------------- None Robot Schematics ------------------ None Fabricated ------------ Nothing Alien Tech Used ----------------- None Achievements -------------- None Challenges ------------ None Game ------ Seed RelayChargeAnalyzer Manual? 0 Play Time 00:07:28 Cumulative 137.0 hours Start 2024.03.02 @ 17:44:39 End 2024.03.02 @ 17:52:08 Sessions 3 Manual Loads 0 Difficulty Rogue Special Mode None Game No. 83 Rogue 71 Adventurer 12 Explorer 0 Win Type - Total 1 Types 1/0/0/0/0/0/0/0/0 Lore% 19 Gallery% 36 Achievement% 29 Wizard Run 0 Options --------- Layout 1 ASCII 0 Keyboard 0 Movement Mouse Keybinds 0 Fullscreen 1 Font 32/SmallcapsGlow Map View 77x35 Zoom Use 0% Tactical HUD 1 Map Filters NONE Filters NONE Steam 1 RUN: 2b285a59-de97-4b4d-b61e-6cf73bb6496e